AoeStats
← GAX | Urubu

Black Forest

507384797Analyzed
4v4 RM · 15d ago on Sep 18, 2026· 43m 43s· 8 players
Game mode
Random Map
Map size
Large (8 player)
Population
200
Speed
Normal
Resources
Standard
Victory
Conquest
Starting age
Dark Age
Ending age
Imperial Age
RankedLock teamsTeams togetherTeam positionsShared explorationLock speedFull tech treeHidden civsTurbo modeCheats
Victory
Defeat
🇧🇷 Burmese · Brazil
1607
+10
🇧🇷 Spanish · Brazil
1564
+11
🇲🇽 Bohemians · Mexico
1498
+14
🇧🇷 Magyars · Brazil
1476
+15
🇺🇸 Wei · United States
1494
-14
🇵🇹 Mongols · Portugal
1467
-13
🇵🇪 Franks · Peru
1441
-12
🇻🇳 Japanese · Vietnam
1409
-11
johnnyboy
12:30 Feudal Age
12:51 Loom
13:50 Double-Bit Axe
16:11 Castle Age
14:26 Horse Collar
14:36 Fishing Lines
17:27 Loom
18:55 Heavy Plow
20:42 Bow Saw
23:18 Wheelbarrow
23:55 Gillnets
24:08 Gold Mining
24:08 Stone Mining
26:36 Hand Cart
28:21 Gold Shaft Mining
28:04 Bloodlines
28:07 Scale Barding Armor
28:18 Husbandry
29:22 Stone Shaft Mining
32:07 Imperial Age
29:50 Forging
31:23 Chain Barding Armor
31:34 Town Watch
32:16 Heavy Hei Guang Cavalry
33:26 Ming Guang Armor
33:23 Conscription
33:51 Iron Casting
34:06 Fletching
35:08 Crop Rotation
36:43 Blast Furnace
35:39 Bodkin Arrow
36:11 Ballistics
36:51 Chemistry
37:27 Devotion
37:43 Tuntian
42:27 Masonry
42:00 Treadmill Crane
43:13 Hoardings
42:47 Bracer
43:20 Light Cavalry
Savitar_pt
9:30 Feudal Age
8:15 Loom
9:43 Loom
11:17 Man-at-Arms
12:54 Arson
13:52 Double-Bit Axe
16:30 Fletching
16:49 Horse Collar
23:28 Castle Age
28:10 Bodkin Arrow
30:53 Fishing Lines
31:50 Gold Mining
34:10 Ballistics
35:06 Bloodlines
34:56 Husbandry
36:46 Masonry
MasteRk
0:41 Loom
13:12 Feudal Age
16:52 Fletching
17:30 Town Watch
20:55 Castle Age
23:53 Fishing Lines
24:06 Gold Mining
24:30 Devotion
25:25 Wheelbarrow
34:32 Scale Mail Armor
34:43 Forging
36:03 Bodkin Arrow
42:47 Chain Mail Armor
43:07 Iron Casting
46:24 Imperial Age
Giong
4:00 Loom
10:59 Feudal Age
14:58 Castle Age
12:44 Horse Collar
13:23 Double-Bit Axe
13:44 Stone Mining
18:19 Heavy Plow
18:29 Bow Saw
21:29 Gold Mining
26:29 Squires
26:15 Gambesons
27:55 Scale Mail Armor
28:46 Forging
28:52 Chain Mail Armor
28:24 Arson
30:23 Iron Casting
31:17 Gold Shaft Mining
30:18 Pikeman
37:14 Imperial Age
37:40 Halberdier
39:30 Chemistry
38:54 Kataparuto
39:46 Two-Man Saw
39:18 Conscription
38:26 Elite Samurai
42:43 Ballistics
44:09 Plate Mail Armor
44:43 Blast Furnace
GAX | ERV
1:16 Loom
12:05 Feudal Age
15:38 Wheelbarrow
18:16 Castle Age
17:46 Double-Bit Axe
17:42 Horse Collar
19:36 Bow Saw
23:51 Heavy Plow
28:31 Fortified Wall
28:46 Fervor
29:28 Masonry
29:44 Hand Cart
35:18 Imperial Age
33:50 Fletching
35:13 Chemistry
34:34 Ballistics
34:15 Padded Archer Armor
35:43 Bodkin Arrow
35:50 Padded Archer Armor
35:28 Crossbowman
36:33 Conscription
35:44 Elite Hussite Wagon
36:47 Arbalester
37:28 Bracer
37:45 Leather Archer Armor
37:38 Siege Engineers
39:29 Two-Man Saw
40:46 Coinage
41:00 Ring Archer Armor
42:55 Banking
41:54 Onager
43:07 Houfnice
Marvin Saturnino
12:49 Feudal Age
13:56 Double-Bit Axe
16:37 Castle Age
15:18 Loom
17:32 Bow Saw
24:30 Wheelbarrow
24:33 Town Watch
27:35 Hand Cart
30:35 Imperial Age
29:16 Scale Mail Armor
29:27 Forging
30:41 Chain Mail Armor
31:25 Iron Casting
31:01 Gold Mining
31:04 Fletching
32:08 Sanctity
32:04 Block Printing
31:39 Capped Ram
32:19 Bodkin Arrow
32:54 Plate Mail Armor
33:25 Blast Furnace
34:15 Two-Man Saw
34:16 Hoardings
35:08 Bloodlines
34:59 Husbandry
36:44 Chemistry
38:21 Masonry
38:33 Ballistics
40:12 Cavalier
41:27 Bracer
41:33 Scale Barding Armor
41:37 Paladin
42:40 Chain Barding Armor
43:28 Conscription
44:00 Plate Barding Armor
GAX | Urubu
1:48 Loom
12:22 Feudal Age
12:46 Horse Collar
13:25 Man-at-Arms
16:43 Fletching
19:58 Castle Age
19:20 Scale Mail Armor
20:41 Forging
20:02 Long Swordsman
20:27 Gambesons
22:05 Sanctity
21:56 Squires
22:56 Wheelbarrow
22:39 Chain Mail Armor
23:39 Redemption
25:00 Arson
29:14 Pikeman
36:03 Imperial Age
33:51 Masonry
34:21 Fervor
36:43 Hand Cart
36:05 Two-Handed Swordsman
37:09 Block Printing
38:16 Theocracy
38:16 Halberdier
40:07 Champion
41:40 Fletching
41:51 Padded Archer Armor
42:41 Scale Barding Armor
43:12 Iron Casting
43:24 Conscription
GAX | Soldado_Medeiros
2:40 Loom
11:34 Feudal Age
16:32 Castle Age
15:16 Double-Bit Axe
15:54 Horse Collar
17:33 Bow Saw
17:46 Heavy Plow
18:31 Fishing Lines
24:46 Wheelbarrow
26:43 Caravan
30:00 Imperial Age
27:41 Scale Barding Armor
28:32 Hand Cart
28:02 Town Watch
28:50 Coinage
28:32 Husbandry
28:42 Bloodlines
28:32 Gold Mining
30:00 Chain Barding Armor
30:50 Gold Shaft Mining
31:26 Banking
31:19 Cavalier
34:51 Fletching
34:52 Paladin
37:09 Plate Barding Armor
38:29 Two-Man Saw
37:29 Bodkin Arrow
40:41 Bracer
40:42 Padded Archer Armor
41:44 Chemistry
41:05 Ballistics
42:30 Heavy Cavalry Archer
43:46 Leather Archer Armor
44:40 Parthian Tactics
Connection lost

Rejoining the realm…

Still unreachable

The connection could not be restored.

Session expired

The server has moved on; the page needs a fresh start.